 Dungeon Crawl Stone Soup version 0.22.0-32-gbc6daba (webtiles) character file.

128 Nilihum the Skirmisher (level 4, -3/45 HPs)
             Began as a Troll Fighter on Aug 23, 2018.
             Slain by Grinder (5 damage)
             ... on level 3 of the Dungeon.
             The game lasted 00:05:26 (1596 turns).

Nilihum the Skirmisher (Troll Fighter)              Turns: 1596, Time: 00:05:26

Health: -3/45      AC:  5    Str: 24    XL:     4   Next: 86%
Magic:  3/3        EV:  8    Int:  4    God:
Gold:   141        SH:  9    Dex: 10    Spells: 3/3 levels left

rFire    . . .     SeeInvis .     - Unarmed
rCold    . . .     Gourm    +   b - +0 shield
rNeg     . . .     Faith    .   a - +0 robe
rPois    .         Spirit   .   (helmet restricted)
rElec    .         Reflect  .   (no cloak)
rCorr    .         Harm     .   (gloves unavailable)
MR       .....                  (boots unavailable)
Stlth    +.........             (no amulet)
HPRegen  0.55/turn              (no ring)
MPRegen  0.08/turn              (no ring)

@: no status effects
A: large, unfitting armour, claws 3, fast metabolism 3, gourmand, regeneration
1, shaggy fur 1, tough skin 2
a: no special abilities


You were on level 3 of the Dungeon.
You were very full.

You visited 1 branch of the dungeon, and saw 3 of its levels.

You collected 141 gold pieces.

Inventory:

Hand Weapons
 e - a +0 spear of flaming
   (You found it on level 2 of the Dungeon)
Armour
 a - a +0 robe (worn)
 b - a +0 shield (worn)
Scrolls
 k - 4 scrolls of teleportation
 m - 2 scrolls of magic mapping {unknown}
Potions
 c - a potion of might
 f - 2 potions of flight
 g - 2 potions of berserk rage {!q}
 h - a potion of magic
 i - a potion of brilliance {unknown}
 l - a potion of ambrosia {unknown}
Comestibles
 d - 6 rations
 j - 10 chunks of flesh {@w0}


   Skills:
 + Level 3.1 Fighting
 + Level 3.1 Dodging
 + Level 3.1 Shields
 + Level 3.0 Unarmed Combat


You had 3 spell levels left.
You didn't know any spells.
Your spell library was empty.

Dungeon Overview and Level Annotations

Branches:
Dungeon (3/15)

Altars:
Cheibriados
Uskayaw

Annotations:
D:3 Grinder


Innate Abilities, Weirdness & Mutations

You are too large for most types of armour.
You have claws for hands.
Your metabolism is lightning-fast.
You like to eat raw meat.
Your natural rate of healing is unusually fast.
You are covered in fur. (AC +1)
You have very tough skin. (AC +2)


Message History

Things that are here:
an uncursed blowgun; 6 stones; a kobold corpse You now have 114 gold pieces (gained 12).
A hobgoblin comes into view. It is wielding a club.
The hobgoblin shouts!
You regained 6 hp, and now have 43/45 hp.
A frilled lizard comes into view.
You block the hobgoblin's attack.
Health restored: 45 You closely miss the hobgoblin.
The hobgoblin barely misses you.
The frilled lizard hisses angrily.
You claw the hobgoblin!
You kill the hobgoblin!
Things that are here:
a club; a hobgoblin corpse The frilled lizard bites you but does no damage.
You barely miss the frilled lizard. You block the frilled lizard's attack.
You scratch the frilled lizard but do no damage.
The frilled lizard bites you.
You take 1 damage, and have 44/45 hp.
You claw the frilled lizard!
You kill the frilled lizard!
Health restored: 45 No target in view!
No target in view!
Found a ration.
Found a stone staircase leading up.
You see here a frilled lizard corpse.
You butcher the frilled lizard corpse.
j - 9 chunks of flesh {@w0} (gained 1)
You see here a frilled lizard skeleton.
m - 2 scrolls labeled QIACOI TAIT A bat comes into view.
A bat is nearby!
No reachable target in view!
No reachable target in view!
No reachable target in view!
You see here a ration.
The bat hits you but does no damage. The bat closely misses you.
You see here 10 gold pieces.
You scratch the bat. The bat hits you but does no damage.
The bat hits you but does no damage. You block the bat's attack.
You now have 124 gold pieces (gained 10).
You block the bat's attack.
You see here 23 stones.
Your shield prevents you from hitting the bat.
The bat hits you but does no damage. x2
The bat barely misses you.
You see here a frilled lizard skeleton.
You barely miss the bat. You block the bat's attack.
The bat hits you but does no damage.
You closely miss the bat. The bat hits you.
You take 1 damage, and have 44/45 hp.
Things that are here:
a club; a hobgoblin corpse; Health restored: 45 You miss the bat.
You block the bat's attack. You block the bat's attack.
You claw the bat!
You kill the bat!
Things that are here:
a club; a bat corpse; a hobgoblin corpse You butcher the bat corpse.
j - 10 chunks of flesh {@w0} (gained 1)
Things that are here:
a club; a hobgoblin corpse
k - 4 scrolls of teleportation (gained 2) Grinder comes into view.
Grinder shouts!
Grinder moves out of view.
You now have 141 gold pieces (gained 17).
Okay, then.
You start waiting.
Grinder is too close now for your liking.
You scratch Grinder but do no damage. Grinder hits you.
You writhe in agony.
You take 11 damage, and have 34/45 hp.
MASSIVE DAMAGE!!
Your shield prevents you from hitting Grinder.
Grinder gestures at you. Pain shoots through your body!
You take 12 damage, and have 22/45 hp.
MASSIVE DAMAGE!!
You claw Grinder! Grinder gestures at you.
You suddenly lose the ability to move!
Grinder hits you.
You writhe in agony.
Grinder hits you.
You writhe in agony.
* * * LOW HITPOINT WARNING * * *
Grinder completely misses you.
You can move again.
You take 9 damage, and have 13/45 hp.
Okay, then.
You scratch Grinder. You block Grinder's attack.
You closely miss Grinder. Grinder hits you.
* * * LOW HITPOINT WARNING * * *
You take 4 damage, and have 9/45 hp.
You scratch Grinder. Grinder hits you!
* * * LOW HITPOINT WARNING * * *
You writhe in agony.
You die...

#..<....######
####..(.......
#.#÷####### #.#.#
#.#)# #.#.# #.#
###.#..# #.# #..###.#
#.# #@#..# #.# ##5#.##
#.# ##....######.#
#........>...#####
...................(
#...#.....##......(..
.................)(((
.................).(.
.≈..≈.≈..≈≈≈≈...÷≈≈.≈≈


You could see Grinder.

Vanquished Creatures
  3 adders (D:3)
  4 oozes
  4 worms
  4 leopard geckos
  An orc (D:3)
  2 ball pythons
  4 giant cockroaches
  5 goblins
  7 hobgoblins
  12 kobolds
  12 bats
  3 frilled lizards
  4 rats (D:1)
65 creatures vanquished.

Notes
Turn   | Place    | Note
-------+----------+-------------------------------------------
     0 | D:1      | Nilihum the Troll Fighter began the quest for the Orb.
     0 | D:1      | Reached XP level 1. HP: 22/22 MP: 0/0
    81 | D:1      | Reached XP level 2. HP: 29/29 MP: 1/1
   351 | D:1      | Reached XP level 3. HP: 36/36 MP: 2/2
   555 | D:1      | You fall through a shaft!
   738 | D:2      | Found a hide-covered altar of Uskayaw.
  1170 | D:2      | Found a snail-covered altar of Cheibriados.
  1366 | D:3      | Found a faded altar of an unknown god.
  1375 | D:3      | Reached XP level 4. HP: 41/44 MP: 3/3
  1400 | D:3      | Reached skill level 3 in Fighting
  1406 | D:3      | Reached skill level 3 in Dodging
  1406 | D:3      | Reached skill level 3 in Shields
  1480 | D:3      | Reached skill level 3 in Unarmed Combat
  1580 | D:3      | Noticed Grinder
  1590 | D:3      | Paralysed by Grinder for 3 turns
  1595 | D:3      | HP: 9/45 [Grinder (5)]
  1596 | D:3      | HP: 2/45 [Grinder (7)]
  1596 | D:3      | Slain by Grinder

Skill      XL: |  1  2  3  4 |
---------------+-------------+-----
Fighting       | 3 |  3.1
Dodging        | 3 |  3.1
Shields        | 3 |  3.1
Unarmed Combat | 3 |  3.0

Action                   |  1- 3 |  4- 6 || total
-------------------------+-------+-------++-------
Melee: Unarmed           |   118 |    75 ||   193
  Use: Scroll            |     8 |       ||     8
  Eat: Chunk             |    18 |     2 ||    20
Armor: Robe              |    34 |    33 ||    67
Dodge: Dodged            |    35 |    41 ||    76
Block: Shield            |    52 |    45 ||    97

Vault maps used:
D:1:      evilmike_arrival_run_for_it
D:2:      cheibriados_altar_1, nicolae_overflow_hidden_temple,
          eat_drink_and_be_merry_uskayaw
D:3:      minmay_goblin_kobold_castle, chequers_ecumenical_altar_island,
          minivault_4, uniq_grinder

Table legend:
 A = Turns spent in this place as a percentage of turns spent in the entire game.
 B = Non-inter-level travel turns spent in this place as a percentage of non-inter-level travel turns spent in the entire game.
 C = Inter-level travel turns spent in this place as a percentage of turns spent in this place.
 D = Turns resting spent in this place as a percentage of non-inter-level travel turns spent in this place.
 E = Turns spent auto-exploring this place as a percentage of non-inter-level travel turns spent in this place.
 F = Non-inter-level travel turns spent in this place divided by the number of levels of this place that you've seen.
                   A       B       C       D       E      F
               +-------+-------+-------+-------+-------+----------------------
         Total | 100.0 | 100.0 |   2.6 |   1.0 |  67.4 | 518.0
       Dungeon | 100.0 | 100.0 |   2.6 |   1.0 |  67.4 | 518.0
               +-------+-------+-------+-------+-------+----------------------

Table legend:
 A = Kills in this place as a percentage of kills in entire the game.
 B = Kills by you in this place as a percentage of kills by you in the entire game.
 C = Kills by friends in this place as a percentage of kills by friends in the entire game.
 D = Other kills in this place as a percentage of other kills in the entire game.
 E = Experience gained in this place as a percentage of experience gained in the entire game.
 F = Experience gained in this place divided by the number of levels of this place that you have seen.
                   A       B       C       D       E      F
               +-------+-------+-------+-------+-------+----------------------
         Total | 100.0 | 100.0 |   N/A |   N/A | 100.0 |  61.0
       Dungeon | 100.0 | 100.0 |   N/A |   N/A | 100.0 |  61.0
               +-------+-------+-------+-------+-------+----------------------
